 Dungeon Crawl Stone Soup version 0.20.1-1-g8b1a95d (webtiles) character file.

16707 wnhky the Fighter (level 12, -7/115 HPs)
             Began as a Minotaur Berserker on Sept 10, 2017.
             Was a High Priest of Trog.
             Mangled by a blink frog (11 damage)
             ... on level 2 of the Lair of Beasts.
             The game lasted 00:17:24 (9649 turns).

wnhky the Fighter (Minotaur Berserker)              Turns: 9649, Time: 00:17:24

Health: -7/115     AC: 17    Str: 21    XL:     12   Next: 12%
Magic:  3/3        EV: 12    Int:  7    God:    Trog [*****.]
Gold:   643        SH:  0    Dex: 21    Spells: 11/11 levels left

rFire    + . .     SeeInvis +   o - +4 battleaxe (antimagic)
rCold    . . .     Gourm    +   (shield currently unavailable)
rNeg     . . .     Faith    .   l - +0 plate armour
rPois    .         Spirit   .   (helmet restricted)
rElec    .         Reflect  .   (no cloak)
rCorr    .         Harm     .   E - +1 pair of gloves
MR       ++...                  (no boots)
Stlth    ..........             C - amulet of the gourmand
Regen    1.3/turn               t - ring "Umuff" {rF+ Int+3 Dex+2 SInv}
MPRegen  0.1/turn               e - +3 ring of dexterity

@: berserk cooldown, starving, regenerating, slowed, drained, very slow
A: retaliatory headbutt, horns 2
a: Berserk, Trog's Hand, Brothers in Arms, Burn Spellbooks, Renounce Religion


You were on level 2 of the Lair of Beasts.
You worshipped Trog.
Trog was extremely pleased with you.
You were starving.

You visited 2 branches of the dungeon, and saw 12 of its levels.

You collected 643 gold pieces.

Inventory:

Hand Weapons
 o - a +4 antimagic battleaxe (weapon)
 s - a +2 hand axe of flaming
Armour
 l - a +0 plate armour (worn)
 E - a +1 pair of gloves (worn)
Jewellery
 e - a +3 ring of dexterity (right hand)
 t - the ring "Umuff" (left hand) {rF+ Int+3 Dex+2 SInv}
   (You found it on level 6 of the Dungeon)

   [ring of protection from fire]

   It affects your intelligence (+3).
   It affects your dexterity (+2).
   It protects you from fire.
   It lets you see invisible.
 B - an uncursed ring of ice
 C - an amulet of the gourmand (around neck)
Scrolls
 a - 2 scrolls of teleportation
 d - a scroll of enchant weapon
 h - a scroll of identify
 n - 3 scrolls of remove curse
 p - a scroll of fog
 u - a scroll of recharging
 x - a scroll of acquirement {unknown}
 y - a scroll of fear
 z - a scroll of amnesia {unknown}
 A - a scroll of brand weapon
 D - a scroll of blinking {unknown}
 F - a scroll of enchant armour {unknown}
Potions
 b - a potion of resistance
 f - 2 potions of brilliance
 g - a potion of agility
 k - a potion of flight {unknown}
 m - 2 potions of might
 q - a potion of haste
 r - 2 potions of invisibility {unknown}
 v - 2 potions of heal wounds {unknown}
 w - 2 potions of curing {unknown}
Comestibles
 c - 2 bread rations
 i - 4 royal jellies
 j - 4 meat rations


   Skills:
 * Level 13.2(12.2) Fighting
 * Level 12.7(11.7) Axes
 * Level 12.5(11.5) Armour
 + Level 8.7(7.8) Dodging


You had 11 spell levels left.
You didn't know any spells.

Dungeon Overview and Level Annotations

Branches:
Dungeon (10/15)            Temple (0/1) D:5            Lair (2/6) D:10
    Orc (0/2) D:10
  Swamp: Lair:2-4    Shoals: Lair:2-4     Snake: Lair:2-4    Spider: Lair:2-4

Altars:
Cheibriados
Dithmenos
Elyvilon
Gozag
Kikubaaqudgha
Nemelex Xobeh
Okawaru
Trog
Vehumet
Zin

Annotations:
D:4 exclusion: statue


Innate Abilities, Weirdness & Mutations

You reflexively headbutt those who attack you in melee.
You have a pair of horns on your head.


Message History

The blink frog hits you but does no damage.
You are too berserk!
You slice the komodo dragon!!
You kill the komodo dragon!
Trog accepts your kill.
You slice the blink frog!!
The blink frog's magic leaks into the air.
You closely miss the blink frog. You slice the blink frog!!
The blink frog's magic leaks into the air.
You hit the plant.
Your plate armour prevents you from hitting the hell rat.
You are no longer berserk.
You are exhausted.
You feel yourself slow down.
The blink frog hits you but does no damage.
The blink frog blinks!
The blink frog hits you.
* * * LOW HITPOINT WARNING * * *
The blink frog hits you but does no damage.
The blink frog hits you!
You die...

#......##..........
##....#.............
#.[......#.......###
#................
######P....#..#......
........†...+##.....
P...................
.#.#..FF...........
#.....†@F..........
........rP.##.....
..................
.P.....P....§.....
.......PF......#.
....P........F..
.####.......)..#
...$.......#


You could see 5 blink frogs and a hell rat.

Vanquished Creatures
  Erica (D:8)
  3 two-headed ogres
  Pikel (D:7)
  Maurice (D:9)
  A black mamba (Lair:1)
  A spiny frog (Lair:2)
  Joseph (D:7)
  An efreet (D:9)
  4 komodo dragons
  A redback zombie (D:9)
  A freezing wraith (D:10)
  A troll (D:9)
  9 blink frogs (Lair:1)
  2 hippogriffs
  A wyvern (D:10)
  2 basilisks (Lair:1)
  13 yaks
  2 water moccasins
  2 hell hounds (D:10)
  3 porcupines
  2 black bears
  An orc warrior (D:10)
  6 ice beasts
  2 eyes of draining (D:9)
  3 centaurs
  6 wolves (Lair:2)
  6 ogres
  A crocodile (D:9)
  A big kobold (D:9)
  7 bullfrogs
  A wyvern zombie (D:10)
  4 scorpions
  10 killer bees
  4 wights (D:9)
  2 howler monkeys (D:7)
  2 crimson imps
  A bullfrog zombie (D:5)
  A centaur zombie (D:10)
  5 hounds
  2 quasits
  3 jellies
  9 orc wizards
  3 orc priests
  2 centaur skeletons (D:10)
  2 iguanas
  6 hell rats (Lair:2)
  5 worker ants
  A worker ant zombie (D:9)
  8 adders
  6 gnolls
  2 adder zombies
  5 oozes
  3 dart slugs
  6 leopard geckos
  34 orcs
  2 giant cockroaches
  4 goblins
  6 hobgoblins
  6 jackals
  15 kobolds
  4 quokkas
  A ball python (D:2)
  5 bats
  8 frilled lizards
  A quokka skeleton (D:5)
  11 rats
  A plant (Lair:1)
277 creatures vanquished.

Vanquished Creatures (others)
  A worker ant (D:7)
  A kobold (D:9)
  A quokka skeleton (D:5)
  A fungus (Lair:1)
4 creatures vanquished.

Grand Total: 281 creatures vanquished

Notes
Turn   | Place    | Note
-------+----------+-------------------------------------------
     0 | D:1      | wnhky the Minotaur Berserker began the quest for the Orb.
     0 | D:1      | Reached XP level 1. HP: 19/19 MP: 0/0
   146 | D:1      | Reached XP level 2. HP: 18/27 MP: 1/1
   148 | D:1      | Reached skill level 4 in Fighting
   375 | D:1      | Reached ** piety under Trog
   512 | D:1      | Reached XP level 3. HP: 33/33 MP: 2/2
  1325 | D:2      | Reached XP level 4. HP: 35/41 MP: 3/3
  1835 | D:3      | Reached skill level 5 in Fighting
  1835 | D:3      | Reached XP level 5. HP: 17/48 MP: 4/4
  2104 | D:3      | Found a snail-covered altar of Cheibriados.
  2252 | D:3      | Found an iron altar of Okawaru.
  2666 | D:4      | Found a radiant altar of Vehumet.
  2673 | D:4      | Noticed a charred statue
  2700 | D:4      | Noticed an ogre
  2706 | D:4      | Killed an ogre
  2706 | D:4      | Reached skill level 5 in Axes
  2706 | D:4      | Reached XP level 6. HP: 31/57 MP: 5/5
  2869 | D:4      | You fall through a shaft!
  2869 | D:5      | Entered Level 5 of the Dungeon
  2870 | D:5      | Noticed an ice beast
  2876 | D:5      | Killed an ice beast
  2876 | D:5      | Reached skill level 6 in Fighting
  2877 | D:5      | Reached *** piety under Trog
  2919 | D:5      | Reached skill level 5 in Armour
  2919 | D:5      | Reached XP level 7. HP: 26/64 MP: 6/6
  3439 | D:5      | Found a staircase to the Ecumenical Temple.
  3614 | D:6      | Reached skill level 7 in Fighting
  3991 | D:6      | Reached XP level 8. HP: 71/73 MP: 7/7
  4075 | D:6      | Got a sparkling silver ring
  4076 | D:6      | Identified the ring "Umuff" {rF+ Int+3 Dex+2 SInv} (You found it on level 6 of the Dungeon)
  4149 | D:6      | Reached skill level 5 in Dodging
  4150 | D:6      | Reached skill level 8 in Fighting
  4204 | D:6      | Found a shadowy altar of Dithmenos.
  4528 | D:7      | Noticed Pikel
  4528 | D:7      | Noticed Joseph
  4544 | D:7      | Killed Pikel
  4544 | D:7      | Reached skill level 9 in Fighting
  4544 | D:7      | Reached XP level 9. HP: 62/83 MP: 8/8
  4567 | D:7      | Killed Joseph
  4567 | D:7      | Reached **** piety under Trog
  4813 | D:7      | Found an ancient bone altar of Kikubaaqudgha.
  4816 | D:7      | Found a sparkling altar of Nemelex Xobeh.
  4816 | D:7      | Found a glowing silver altar of Zin.
  4824 | D:7      | Found a white marble altar of Elyvilon.
  5243 | D:8      | Noticed a two-headed ogre
  5251 | D:8      | Killed a two-headed ogre
  5251 | D:8      | Reached skill level 10 in Fighting
  5332 | D:8      | Got a warped hand axe
  5333 | D:8      | Identified the +3 hand axe "Rituwaerow" {pain, +Blink +Inv} (You found it on level 8 of the Dungeon)
  5385 | D:8      | Noticed Erica
  5395 | D:8      | Killed Erica
  5395 | D:8      | Reached XP level 10. HP: 94/94 MP: 9/9
  5738 | D:8      | Reached skill level 10 in Axes
  5932 | D:9      | Noticed a two-headed ogre
  5942 | D:9      | Killed a two-headed ogre
  5942 | D:9      | Reached skill level 11 in Fighting
  5942 | D:9      | Reached skill level 10 in Armour
  6009 | D:9      | Noticed Maurice
  6027 | D:9      | Killed Maurice
  6592 | D:9      | Reached XP level 11. HP: 52/104 MP: 10/10
  6803 | D:9      | Reached ***** piety under Trog
  7282 | D:9      | Found a bloodstained altar of Trog.
  7447 | D:10     | Entered Level 10 of the Dungeon
  7489 | D:10     | Found an opulent altar of Gozag.
  7530 | D:10     | Got a twisted chain mail
  7531 | D:10     | Identified the cursed +0 chain mail of Xuasiasm {Str+2 SInv} (You found it on level 10 of the Dungeon)
  7572 | D:10     | Reached skill level 12 in Fighting
  7613 | D:10     | Found a staircase to the Lair.
  7790 | D:10     | Found a staircase to the Orcish Mines.
  8092 | D:10     | Noticed a two-headed ogre
  8105 | D:10     | Killed a two-headed ogre
  8264 | Lair:1   | Entered Level 1 of the Lair of Beasts
  8584 | Lair:1   | Received a gift from Trog
  8999 | Lair:1   | Reached skill level 13 in Fighting
  9342 | Lair:2   | Reached XP level 12. HP: 81/115 MP: 3/11
  9649 | Lair:2   | HP: 4/115 [blink frog (3)]
  9649 | Lair:2   | Mangled by a blink frog

Skill      XL: |  1  2  3  4  5  6  7  8  9 10 11 |
---------------+----------------------------------+-----
Fighting       | 4 5 6 7 9 10 11 13 | 13.2
Armour         | 3 4 5 6 8 9 10 12 | 12.5
Axes           | 4 5 6 8 9 11 12 | 12.7
Dodging        | 3 4 5 6 7 8 |  8.7

Action                   |  1- 3 |  4- 6 |  7- 9 | 10-12 || total
-------------------------+-------+-------+-------+-------++-------
Melee: Hand axe          |    93 |    83 |   211 |   368 ||   755
       Headbutt          |    16 |    16 |    51 |   109 ||   192
       Battleaxe         |       |       |       |    70 ||    70
Invok: Burn Spellbooks   |       |     1 |       |       ||     1
       Berserk           |       |       |     2 |     4 ||     6
       Trog's Hand       |       |       |       |     1 ||     1
  Use: Scroll            |     4 |     1 |     6 |     7 ||    18
  Eat: Chunk             |     1 |     4 |     6 |     7 ||    18
       Fruit             |     1 |       |     3 |       ||     4
       Bread ration      |       |       |       |     2 ||     2
       Royal jelly       |       |       |       |     1 ||     1
Armor: Animal skin       |     6 |       |       |       ||     6
       Ring mail         |    28 |    20 |       |       ||    48
       Plate armour      |       |    14 |   103 |   207 ||   324
Dodge: Dodged            |    53 |    52 |    99 |   195 ||   399
